Map: Port Aleksander LE

Players

soO

  • Race: Zerg Zerg
  • Spawn Location: 11:00

Serral - Winner!

  • Race: Zerg Zerg
  • Spawn Location: 5:00

Event: IEM Season 13: Katowice (2019)

VOD

Have the link to the VOD?

Description

Time

  • Played on: March 2, 2019, 10:37 a.m.
  • Length: 7:39

All games in this series

Show
View Real Time Build Order
Export as new Build Order

soO Zerg 

Build Orders: Hatch First 

Get SALT Encoding   

  12  0:00  Drone  
  13  0:12  Overlord  
  13  0:17  Drone  
  14  0:30  Drone x2  
  14  0:34  Drone  
  17  0:51  Hatchery  
  17  0:55  Drone  
  17  0:59  Drone  
  18  1:09  Extractor  
  17  1:13  Spawning Pool  
  17  1:16  Drone  
  17  1:20  Drone  
  18  1:27  Drone  
  19  1:39  Overlord  
  19  1:48  Drone  
  20  1:59  Queen  
  22  2:03  Queen, Drone x2  
  26  2:09  Metabolic Boost  
  26  2:12  Drone  
  26  2:14  Drone  
  28  2:27  Zergling x2  
  29  2:35  Hatchery  
  28  2:37  Zergling x2  
  28  2:38  Drone  
  28  2:42  Drone  
  32  2:44  Drone  
  32  2:51  Baneling Nest  
  32  2:53  Drone  
  32  2:57  Overlord  
  32  3:01  Drone  
  33  3:08  Zergling x4  
  33  3:09  Drone  
  36  3:17  Drone  
  37  3:21  Drone x3  
  37  3:23  Queen  
  42  3:28  Overlord  
  42  3:30  Drone  
  43  3:35  Drone  
  44  3:44  Overlord  
  44  3:46  Baneling  
  44  3:47  Drone x2  
  46  3:50  Zergling x2, Drone x2  
  46  3:51  Evolution Chamber  
  46  3:52  Drone  
  49  3:56  Drone x2  
  49  4:00  Overlord  
  49  4:01  Drone  
  52  4:04  Drone, Baneling  
  54  4:10  Drone x2  
  54  4:11  Extractor  
  54  4:12  Extractor  
  54  4:14  Zergling x2  
  54  4:21  Drone, Zerg Missile Weapons Level 1  
  54  4:26  Zergling x4  
  54  4:28  Baneling  
  54  4:29  Baneling  
  54  4:30  Drone, Roach Warren  
  56  4:31  Drone x2  
  56  4:34  Lair  
  56  4:37  Drone x2  
  60  4:39  Drone  
  60  4:42  Drone x2  
  63  4:47  Drone x2  
  63  4:49  Overlord  
  63  4:52  Drone x2  
  67  4:58  Drone x2  
  67  4:59  Overlord  
  69  5:03  Drone x3  
  69  5:05  Overlord  
  73  5:07  Drone  
  73  5:08  Drone  
  73  5:14  Drone x3  
  77  5:15  Extractor  
  77  5:16  Extractor  
  77  5:20  Overlord  
  75  5:23  Drone x2  
  75  5:25  Drone  
  78  5:29  Roach, Extractor  
  78  5:30  Roach x3  
  78  5:35  Spire  
  84  5:36  Glial Reconstitution  
  84  5:39  Roach x2  
  84  5:42  Drone x2  
  90  5:43  Drone  
  90  5:44  Overlord  
  91  5:57  Drone  
  91  6:01  Roach x5  
  91  6:02  Roach  
  104  6:06  Drone  
  104  6:12  Roach x2  
  104  6:14  Drone  
  105  6:23  Roach x4  
  105  6:25  Hatchery, Overlord  
  112  6:28  Roach, Overlord  
  112  6:32  Overlord  
  114  6:34  Overlord  
  113  6:43  Roach  
  113  6:45  Roach x3  
  113  6:46  Roach x3  
  113  6:47  Roach  
  122  6:51  Roach x2  
  122  6:54  Roach  
  122  6:55  Roach x2  
  122  6:56  Roach  
  122  6:58  Roach  
  122  7:00  Roach x2  
  126  7:03  Roach x3  
  126  7:05  Roach  
  118  7:09  Roach x2  
  118  7:13  Roach  
  118  7:14  Roach  
  115  7:20  Roach  
Show
View Real Time Build Order
Export as new Build Order

Serral Zerg - Winner!

Build Orders: Hatch First 

Get SALT Encoding   

  12  0:00  Drone  
  13  0:13  Overlord  
  13  0:18  Drone  
  14  0:31  Drone x2  
  16  0:49  Hatchery  
  15  0:52  Drone  
  15  0:56  Drone  
  17  0:59  Drone  
  18  1:10  Extractor  
  17  1:15  Spawning Pool  
  16  1:18  Drone  
  16  1:22  Drone  
  18  1:28  Drone  
  19  1:39  Drone  
  20  1:50  Drone  
  21  2:00  Overlord  
  21  2:01  Queen x2  
  21  2:02  Zergling x2  
  26  2:10  Metabolic Boost  
  26  2:12  Drone  
  26  2:14  Drone  
  28  2:22  Drone x2  
  30  2:37  Hatchery  
  30  2:40  Drone  
  30  2:41  Drone  
  31  2:48  Overlord  
  31  2:49  Drone  
  32  2:54  Baneling Nest  
  32  2:56  Drone  
  32  2:58  Drone  
  32  3:05  Drone  
  34  3:08  Zergling x4  
  34  3:11  Zergling x4  
  34  3:12  Zergling x2  
  39  3:14  Zergling x2  
  40  3:20  Overlord  
  40  3:21  Drone  
  40  3:24  Drone  
  42  3:27  Drone  
  42  3:33  Drone  
  44  3:37  Queen, Baneling  
  44  3:39  Evolution Chamber  
  44  3:40  Zergling x2  
  44  3:41  Baneling  
  45  3:43  Zergling x2  
  45  3:44  Drone  
  45  3:47  Drone  
  48  3:48  Drone  
  48  3:51  Drone  
  48  3:53  Zergling x2  
  51  3:58  Drone x3  
  54  4:05  Lair  
  54  4:07  Extractor  
  54  4:08  Drone x2, Extractor  
  54  4:12  Drone x2  
  54  4:14  Drone  
  57  4:21  Zerg Missile Weapons Level 1  
  56  4:24  Roach Warren  
  56  4:25  Drone x2  
  56  4:27  Drone  
  56  4:30  Overlord  
  58  4:34  Overlord  
  58  4:37  Overlord  
  57  4:49  Drone x8  
  65  4:53  Zergling x2  
  65  4:54  Baneling  
  65  4:55  Drone x2  
  65  4:57  Drone  
  69  5:00  Drone x3  
  69  5:06  Glial Reconstitution  
  72  5:07  Extractor x2  
  72  5:09  Drone x2  
  72  5:11  Overlord  
  72  5:15  Roach  
  72  5:16  Roach  
  76  5:24  Overlord  
  76  5:27  Roach  
  76  5:28  Roach x2  
  82  5:29  Overlord x2  
  82  5:31  Roach  
  82  5:35  Roach x2  
  88  5:39  Roach  
  90  5:42  Overlord  
  90  5:44  Roach x3  
  90  5:46  Overseer  
  96  5:51  Roach x2  
  96  5:54  Hydralisk Den, Nydus Network  
  98  5:57  Roach x2  
  98  6:01  Roach x2  
  106  6:05  Roach x2  
  106  6:10  Roach  
  106  6:11  Roach x2  
  116  6:17  Roach x3  
  120  6:20  Overlord  
  120  6:23  Overlord  
  120  6:24  Overlord  
  120  6:26  Roach  
  120  6:31  Nydus Canal  
  122  6:35  Overlord x2  
  122  6:39  Roach  
  124  6:42  Roach x5  
  124  6:46  Nydus Canal  
  136  6:47  Roach x2  
  136  6:49  Roach  
  136  6:50  Roach  
  136  6:51  Roach  
  130  6:55  Roach x2  
  130  6:56  Roach  
  130  6:59  Roach  
  134  7:02  Roach x2  
  134  7:06  Roach  
  134  7:07  Roach  
  136  7:09  Roach  
  136  7:13  Roach x2  
  130  7:16  Nydus Canal  
  130  7:20  Roach  

Tags
 
Add a new tag
Caveats
  • Supply blocks, unpowered buildings, or Contaminate may cause inaccurate times.
  • Supply counts are checked every 10 seconds.